 Dungeon Crawl Stone Soup version 0.20-a0-1000-g0e8f6bb (webtiles) character file.

457 MovingMist the Ducker (level 7, -5/55 HPs)
             Began as a Merfolk Gladiator on Apr 12, 2017.
             Slain by an orc warrior
             ... wielding a +0 mace
              (15 damage)
             ... on level 7 of the Dungeon.
             The game lasted 00:09:44 (3519 turns).

MovingMist the Ducker (Merfolk Gladiator)           Turns: 3519, Time: 00:09:45

Health: -5/55      AC:  7    Str: 15    XL:     7   Next: 6%
Magic:  7/7        EV: 15    Int:  7    God:
Gold:   289        SH:  4    Dex: 17    Spells: 6/6 levels left

rFire    + . .     SeeInvis .   a - +1 long sword
rCold    x . .     Gourm    .   s - +0 buckler
rNeg     . . .     Faith    +   v - +0 ring mail
rPois    .         Spirit   .   c - +0 helmet
rElec    .         Reflect  .   w - +0 cloak
rCorr    .         Harm     .   (no gloves)
MR       .....                  (no boots)
Stlth    +.........             n - amulet of faith
Regen    0.2/turn               y - ring of fire
MPRegen  0.1/turn               (no ring)

@: no status effects
A: change form in water, swift swim, stealthy swim
a: no special abilities


You were on level 7 of the Dungeon.
You were not hungry.

You visited 1 branch of the dungeon, and saw 6 of its levels.

You collected 289 gold pieces.

Inventory:

Hand Weapons
 a - a +1 long sword (weapon)
Missiles
 d - 3 throwing nets (quivered)
Armour
 c - a +0 helmet (worn)
 s - a +0 buckler (worn)
 v - a +0 ring mail (worn)
 w - a +0 cloak (worn)
Jewellery
 n - an amulet of faith (around neck)
 y - a ring of fire (left hand)
Scrolls
 h - 7 scrolls of identify
 i - a scroll of fear {unknown}
 j - 5 scrolls of teleportation
 o - a scroll of noise
 p - 2 scrolls of remove curse
 q - 3 scrolls of enchant weapon
 t - 2 scrolls of fog {unknown}
Potions
 e - 2 potions of degeneration {unknown}
 g - 3 potions of curing {unknown}
 l - a potion of haste {unknown}
 m - 2 potions of brilliance {unknown}
 r - 3 potions of heal wounds {unknown}
 u - a potion of mutation {unknown}
 x - a potion of flight {unknown}
Comestibles
 b - 3 royal jellies
 f - 6 bread rations
 k - 3 meat rations
 z - a chunk of flesh


   Skills:
 + Level 4.5 Fighting
 + Level 5.0 Long Blades
 - Level 2.0 Throwing
 * Level 7.6 Dodging


You had 6 spell levels left.
You didn't know any spells.

Dungeon Overview and Level Annotations

Branches:
Dungeon (5/15)
 Temple: D:4-7

Altars:
Trog
Zin


Message History

The orc warrior is moderately wounded.
You block the orc warrior's attack.
You hit the orc warrior.
The orc warrior is moderately wounded.
The orc warrior hits you with a mace!
* * * LOW HITPOINT WARNING * * *
You hit the orc warrior.
The orc warrior is heavily wounded.
The orc warrior barely misses you.
You slash the orc warrior!
The orc warrior is severely wounded.
You block the orc warrior's attack.
You completely miss the orc warrior.
The orc warrior is severely wounded.
The orc warrior hits you with a mace.
* * * LOW HITPOINT WARNING * * *
You barely miss the orc warrior.
The orc warrior is severely wounded.
The orc warrior hits you with a mace!
You die...

#...........#
#...........#
#.###+......# #.#
#..####.# #.#
#...#.#.# #...
#.###+.#.#..# ...
#.##...####.# ..
#.##........# #.#
#@##.......## #..
#o##......##
###.##.##o##.....##
..........##.....#
#....#.#####'####
......')......#
......##.####.#
##....##..###'##
..........#....#


You could see an orc warrior and an orc.

Vanquished Creatures
  A sky beast (D:7)
  A scorpion (D:5)
  A howler monkey (D:4)
  A bullfrog skeleton (D:5)
  An orc wizard (D:4)
  2 worker ants
  5 adders
  A shadow imp (D:5)
  2 oozes
  2 worms
  A dart slug (D:4)
  5 leopard geckos
  7 orcs
  A ball python (D:2)
  9 bats
  19 giant cockroaches
  6 hobgoblins
  6 jackals (D:2)
  8 kobolds
  A ball python skeleton (D:4)
  5 frilled lizards
  7 goblins
  A quokka skeleton (D:4)
  3 rats
96 creatures vanquished.

Notes
Turn   | Place    | Note
-------+----------+-------------------------------------------
     0 | D:1      | MovingMist the Merfolk Gladiator began the quest for the Orb.
     0 | D:1      | Reached XP level 1. HP: 16/16 MP: 1/1
   160 | D:1      | Reached XP level 2. HP: 16/23 MP: 2/2
   800 | D:2      | Reached XP level 3. HP: 19/28 MP: 3/3
   892 | D:2      | Reached skill level 5 in Dodging
  1028 | D:2      | Reached XP level 4. HP: 13/35 MP: 4/4
  1973 | D:3      | Reached XP level 5. HP: 38/41 MP: 5/5
  2159 | D:3      | Found a glowing silver altar of Zin.
  2159 | D:3      | Found a bloodstained altar of Trog.
  2385 | D:4      | Reached skill level 6 in Dodging
  2771 | D:4      | Reached XP level 6. HP: 40/48 MP: 6/6
  2997 | D:5      | Entered Level 5 of the Dungeon
  3163 | D:5      | Reached skill level 7 in Dodging
  3167 | D:5      | You fall through a shaft for 2 floors!
  3414 | D:7      | Noticed a sky beast
  3434 | D:7      | Killed a sky beast
  3434 | D:7      | Reached skill level 5 in Long Blades
  3434 | D:7      | Reached XP level 7. HP: 30/55 MP: 7/7
  3519 | D:7      | Slain by an orc warrior

Vault maps used:
D:1:      minmay_arrival_split_and_join, hangedman_glass_teeth
D:2:      minmay_roachtagon, serial_glass, glass_columns_a, glass_columns_b
D:3:      gammafunk_temple_overflow_elements
D:4:      first_bread
D:5:      minmay_temple_entry_mist, serial_shops, kennysheep_little_box
D:7:      minmay_misc_feat_tiny, minmay_misc_feat_hallway

Skill      XL: |  1  2  3  4  5  6 |
---------------+-------------------+-----
Dodging        | 5 6 7 |  7.6
Fighting       | 3 4 |  4.5
Long Blades    | 4 5 |  5.0
Throwing       | |  2.0

Action                   |  1- 3 |  4- 6 |  7- 9 || total
-------------------------+-------+-------+-------++-------
Melee: Long sword        |    79 |   157 |    23 ||   259
  Use: Scroll            |     6 |     1 |       ||     7
 Stab: Sleeping          |       |     1 |       ||     1
  Eat: Chunk             |     1 |     7 |     1 ||     9
Armor: Leather armour    |    15 |     8 |       ||    23
       Ring mail         |       |    31 |     6 ||    37
Dodge: Dodged            |    81 |   119 |    12 ||   212
Block: Buckler           |       |    22 |     4 ||    26
       Rpst.: Long sword |    33 |    37 |     5 ||    75
